 Dungeon Crawl Stone Soup version 0.29.0-15-g675c0067aa (webtiles) character file.

Game seed: 4397961646713429725

1476 leavemydog the Destroyer (level 8, -12/42 HPs)
             Began as a Deep Elf Conjurer on Sept 11, 2022.
             Engulfed by a cloud of freezing vapour (23 damage)
             ... on level 5 of the Dungeon.
             The game lasted 00:08:21 (6323 turns).

leavemydog the Destroyer (Deep Elf Conjurer)        Turns: 6323, Time: 00:08:22

Health: -12/42     AC:  8    Str:  4    XL:     8   Next: 49%
Magic:  22/22      EV: 12    Int: 26    God:
Gold:   227        SH:  0    Dex: 13    Spells: 13/24 levels left

rFire   . . .      SeeInvis .   d - +0 short sword
rCold   . . .      Faith    .   (no shield)
rNeg    . . .      Spirit   .   B - +0 steam dragon scales
rPois   .          Reflect  .   D - +0 hat
rElec   .          Harm     .   (no cloak)
rCorr   .          Rampage  .   j - +2 pair of gloves
Will    +....                   (no boots)
Stlth   ++........              (no amulet)
HPRegen 0.14/turn               q - ring of willpower
MPRegen 0.18/turn               (no ring)

@: no status effects
A: no striking features
a: no special abilities


You were on level 5 of the Dungeon.
You visited 1 branch of the dungeon, and saw 5 of its levels.
You also visited: Sewer.

You collected 227 gold pieces.

Inventory:

Hand Weapons
 d - a +0 short sword (weapon)
Missiles
 z - 17 poisoned darts
Armour
 j - a +2 pair of gloves (worn)
 B - +0 steam dragon scales (worn)
 D - a +0 hat (worn)
Jewellery
 q - a ring of willpower (left hand)
Wands
 t - a wand of paralysis (8)
 y - a wand of quicksilver (11)
Scrolls
 a - a scroll of butterflies {unknown}
 c - a scroll of silence {unknown}
 e - a scroll of fear
 f - a scroll of immolation {unknown}
 k - a scroll of acquirement {unknown}
 m - 3 scrolls of magic mapping {unknown}
 n - a scroll of blinking {unknown}
 p - 5 scrolls of teleportation {unknown}
 u - a scroll of enchant weapon {unknown}
 v - a scroll of enchant armour {unknown}
 A - a scroll of poison {unknown}
 C - a scroll of identify
Potions
 b - a potion of magic
 g - a potion of invisibility {unknown}
 h - 4 potions of might
 i - a potion of haste {unknown}
 l - a potion of curing
 o - 2 potions of flight
 r - 3 potions of berserk rage {unknown}
 s - 2 potions of lignification {unknown}
 w - 2 potions of brilliance {unknown}
 x - a potion of mutation {unknown}


   Skills:
 - Level 0.3 Fighting
 - Level 2.4 Dodging
 - Level 2.4 Stealth
 + Level 8.6 Spellcasting
 + Level 9.3 Conjurations
 * Level 1.0 Hexes
 * Level 4.2 Translocations


You had 13 spell levels left.
You knew the following spells:

 Your Spells              Type           Power      Damage    Failure   Level
a - Magic Dart            Conj           100%       1d8       1%          1
b - Searing Ray           Conj           100%       2d8       1%          2
c - Iskenderun's Mystic   Conj/Tloc      46%        2d10      3%          4
d - Fulminant Prism       Conj/Hex       19%        3d11      6%          4

Your spell library contained the following spells:

 Spells                   Type           Power      Damage    Failure   Level
 Dazzling Flash           Conj/Hex       76%        N/A       1%          3
 Ensorcelled Hibernation  Hex/Ice        26%        N/A       6%          2
 Passwall                 Tmut/Erth      9%         N/A       9%          2
 Swiftness                Air            11%        N/A       16%         3


Dungeon Overview and Level Annotations

Branches:
Dungeon (5/15)              Sewer (visited)
 Temple: D:4-7

Altars:

Shops:
D:1 *


Message History

Your Hexes skill increases to level 1!
D - a +0 hat You start putting on your armour.
You continue putting on your +0 hat. x4
You finish putting on your +0 hat.
You start resting.
Magic restored.
You start resting.
HP restored.
A shadow imp comes into view.
A shadow imp is nearby!
A shadow imp is nearby!
You see here 13 gold pieces.
You now have 227 gold pieces (gained 13).
The magic dart hits the shadow imp but does no damage.
The magic dart hits the shadow imp.
The shadow imp is lightly wounded.
The magic dart hits the shadow imp.
The shadow imp is heavily wounded.
The magic dart hits the shadow imp!
You kill the shadow imp!
You can't see any susceptible monsters within range! (Use Z to cast anyway.)
You can't see any susceptible monsters within range! (Use Z to cast anyway.)
Things that are here:
a +0 whip; an orc corpse Magic restored.
You open the door.
There is an open door here.
Really walk into a travel-excluded area?
You are engulfed in freezing vapours.
You are engulfed in freezing vapours.
Ouch! That really hurt!
* * * LOW HITPOINT WARNING * * *
You feel better.
You are engulfed in freezing vapours.
* * * LOW HITPOINT WARNING * * *
Okay, then.
You feel better.
You are engulfed in freezing vapours.
* * * LOW HITPOINT WARNING * * *
You feel better.
You are engulfed in freezing vapours.
Ouch! That really hurt!
You die...

#..#...#.#
#..#☼#°#.#
#..#☼#°#.# #
#..#☼#.#.#
#.#..#☼#°#.#
....#☼#°#.#
..#☼#°#.# ###☼#☼#.#
##@#☼#)# ##°#☼#.#
##°#☼#.# ##°#☼#.#
##°#☼#.# ###
##°#☼#.# ###...
##°#)#.# #.....
##°#?#.#
#####.....####☼#[#.#


There were no monsters in sight!

Vanquished Creatures
  A steam dragon (D:4)
  A black bear (D:5)
  An ogre (D:5)
  6 kobold brigands (Sewer)
  A necrophage (D:4)
  3 scorpions
  3 wights (D:4)
  2 hounds
  2 orc priests (D:3)
  3 gnolls (D:3)
  7 adders
  6 river rats (Sewer)
  A shadow imp (D:5)
  2 worms
  2 dart slugs (D:1)
  5 orcs
  8 endoplasms
  3 giant cockroaches
  5 hobgoblins
  2 jackals (D:4)
  13 kobolds
  2 quokkas
  16 ball pythons
  A bat (D:1)
  8 frilled lizards
  7 goblins
  6 rats
117 creatures vanquished.

Vanquished Creatures (others)
  3 plants
3 creatures vanquished.

Grand Total: 120 creatures vanquished

Notes
Turn   | Place    | Note
-------+----------+-------------------------------------------
     0 | D:1      | leavemydog the Deep Elf Conjurer began the quest for the
                  | Orb.
     0 | D:1      | Reached XP level 1. HP: 10/10 MP: 6/6
   173 | D:1      | You fall into a shaft and drop 1 floor!
   184 | D:2      | Reached skill level 5 in Conjurations
   184 | D:2      | Reached XP level 2. HP: 15/15 MP: 4/8
   187 | D:2      | Learned a level 2 spell: Searing Ray
   622 | D:1      | Found a faded altar of an unknown god.
   625 | D:1      | Reached XP level 3. HP: 19/19 MP: 6/9
   827 | D:1      | Found Egroats's Assorted Antiques.
  1317 | D:2      | Identified the +2 robe of the Twisting Gods {Fly rElec
                  | Str-2 Dex+5}
  1762 | D:3      | Reached skill level 6 in Conjurations
  1762 | D:3      | Reached XP level 4. HP: 2/24 MP: 3/11
  1812 | D:3      | Learned a level 4 spell: Iskenderun's Mystic Blast
  2174 | D:3      | Noticed a scorpion
  2180 | D:3      | Killed a scorpion
  2181 | D:3      | Reached skill level 1 in Translocations
  2181 | D:3      | Reached XP level 5. HP: 16/28 MP: 4/13
  3527 | D:4      | Reached skill level 7 in Conjurations
  3527 | D:4      | Reached XP level 6. HP: 18/32 MP: 5/15
  3673 | D:4      | Reached skill level 5 in Spellcasting
  3760 | D:4      | Found a glowing drain.
  3787 | Sewer    | Entered a sewer
  4205 | Sewer    | Reached XP level 7. HP: 36/36 MP: 8/17
  4623 | Sewer    | Reached skill level 8 in Conjurations
  5414 | D:4      | Reached XP level 8. HP: 36/38 MP: 13/20
  5685 | D:4      | Reached skill level 9 in Conjurations
  5959 | D:5      | Entered Level 5 of the Dungeon
  6068 | D:5      | Learned a level 4 spell: Fulminant Prism
  6233 | D:5      | Reached skill level 1 in Hexes
  6322 | D:5      | HP: 2/42 [something (12)]
  6323 | D:5      | Engulfed by a cloud of freezing vapour

Illustrated notes

Levels and vault maps discovered:
D:1:      saegor_arrival_simple_c, layout_loops_ring, serial_shops,
          nicolae_shop_overgrown_old_shop,
          hellmonk_ecumenical_altar_heavens_door, minmay_pentomino_r4
D:2:      layout_basic
D:3:      layout_basic, minmay_lizard_king
D:4:      layout_cave_pools, portal_sewer_entry_d
D:5:      lemuel_ice_spiral_2, layout_basic, gammafunk_ghost_cemetery,
          minmay_misc_feat_x, kennysheep_generic_room_8

Skill      XL: |  1  2  3  4  5  6  7  8 |
---------------+-------------------------+-----
Conjurations   | 5 6 7 8 9 |  9.3
Spellcasting   | 4 5 7 8 |  8.6
Translocations | 1 2 3 4 |  4.2
Hexes          | 1 |  1.0
Fighting       | |  0.3
Dodging        | |  2.4
Stealth        | |  2.4

Action                   |  1- 3 |  4- 6 |  7- 9 || total
-------------------------+-------+-------+-------++-------
Melee: Short sword       |       |     1 |       ||     1
 Cast: Magic Dart        |    60 |    83 |   126 ||   269
       Searing Ray       |     1 |    11 |    12 ||    24
       Iskenderun's Myst |       |       |     1 ||     1
  Use: Scroll            |     3 |     1 |     1 ||     5
       Potion            |       |       |     4 ||     4
Armor: Robe              |     2 |     2 |     8 ||    12
       Steam dragon scal |       |       |     3 ||     3
Dodge: Dodged            |     3 |     7 |    19 ||    29
